 Dungeon Crawl Stone Soup version 0.18.1-48-g4cf74bf (webtiles) character file.

2 dorian the Sneak (level 1, 8/13 HPs)
             Began as a Vampire Enchanter on Sept 2, 2016.
             Quit the game on level 1 of the Dungeon.
             The game lasted 00:00:47 (84 turns).

dorian the Sneak (Vampire Enchanter)                  Turns: 84, Time: 00:00:48

Health: 8/13       AC:  3    Str:  7    XL:     1   Next: 33%
Magic:  3/3        EV: 12    Int: 17    God:
Gold:   0          SH:  0    Dex: 14    Spells: 1 memorised, 3 levels left

rFire  . . .     SeeInvis +     a - +1 dagger
rCold  . . .     Gourm    .     b - +1 robe
rNeg   + . .     Faith    .     (no shield)
rPois  .         Spirit   .     (no helmet)
rElec  .         Dismiss  .     (no cloak)
rCorr  .         Reflect  .     (no gloves)
SustAt .         Harm     .     (no boots)
MR     .....                    (no amulet)
Stlth  +++.......               (no ring)
                                (no ring)

@: not resistant to hostile enchantments, fairly stealthy
A: fangs 3, see invisible, unbreathing
a: no special abilities


You were on level 1 of the Dungeon.
You were not thirsty.

You visited 1 branch of the dungeon, and saw 1 of its levels.

Inventory:

Hand Weapons
 a - a +1 dagger (weapon)
Armour
 b - a +1 robe (worn)
Scrolls
 c - a scroll of remove curse {unknown}
Potions
 d - a potion of blood
Books
 A - a book of Maledictions

   Spells                             Type                      Level
   a - Corona                         Hexes                        1
   b - Ensorcelled Hibernation        Hexes/Ice                    2
   c - Confuse                        Hexes                        3
   d - Tukima's Dance                 Hexes                        3
   e - Dazzling Spray                 Conjuration/Hexes            3


   Skills:
 * Level 1.3 Short Blades
 - Level 2.1 Dodging
 + Level 4.5 Stealth
 - Level 2.0 Spellcasting
 + Level 4.4 Hexes


You had 3 spell levels left.
You knew the following spells:

 Your Spells              Type           Power        Failure   Level  Hunger
a - Corona                Hex            ###....      3%          1    #......


Dungeon Overview and Level Annotations

Branches:
Dungeon (1/15)

Altars:


Innate Abilities, Weirdness & Mutations

You have razor-sharp teeth.
You have supernaturally acute eyesight.
You can survive without breathing.


Message History

De bosom uf dis dungeon kontains de fabled artefakt, de Orb uf Zot.
Pres ? for a list uf komunds und oder information.
Fund a skrol labeled LARESOPUFE.
Fund a schtairkas leadink ut uf de dungeon.
Der iz a schtairkas leadink ut uf de dungeon her.
k - a skrol labeled LARESOPUFE As hyu open de dor, it kreaks ludly!
Der iz ann open dor her.
Hyu open de dor.
Der iz ann open dor her.
Hyu open de dor.
Der iz ann open dor her.
Hyu open de dor.
Fund a meat ration.
Der iz ann open dor her.
Hyu open de dor.
Der iz ann open dor her.
A giant kokroach komes into viev.
A goblin komes into viev.
It iz vieldink a dager.
De giant kokroach klosely mises hyu.
De giant kokroach bites hyu.
Hyu hit de giant kokroach.
De giant kokroach iz heavily vunded.
De giant kokroach bites hyu.
Hyu hit de giant kokroach.
De giant kokroach iz almost dead.
De giant kokroach bites hyu but does no damag.
Hyu hit de giant kokroach but do no damag.
Yu bit mises de giant kokroach.
De giant kokroach iz almost dead.
De giant kokroach klosely mises hyu.
Hyu hit de giant kokroach.
Hyu kil de giant kokroach!
De goblin schuts!
De goblin hits hyu viz a dager.
Hyu barely mis de goblin.
Hyu bit de goblin, but do no damag.
De goblin kompletely mises hyu.
Hyu klosely mis de goblin.
De goblin barely mises hyu.
Hyu kompletely mis de goblin.
Hyu bit de goblin, but do no damag.
De goblin mises hyu.
Hyu barely mis de goblin.
Hyu bit de goblin, but do no damag.
De goblin hits hyu viz a dager.
Hyu hit de goblin.
De goblin iz heavily vunded.
De goblin mises hyu.
Hyu hit de goblin.
Hyu kil de goblin!
No target in viev!
No target in viev!
Fund a mas.
Are hyu sur hyu vant to abundon dis charakter und qvit de gam? (Konfirm viz "yah".)

## .. #) #. #.
#.###### #.@....#
.######.########
................
#######.########
##########.#########..
......)...............
##########.###.###.##
##+###.# #....#.#


There were no monsters in sight!

Vanquished Creatures
  A giant cockroach (D:1)
  A goblin (D:1)
2 creatures vanquished.

Notes
Turn   | Place    | Note
--------------------------------------------------------------
     0 | D:1      | dorian the Vampire Enchanter began the quest for the Orb.
     0 | D:1      | Reached XP level 1. HP: 13/13 MP: 3/3
    84 | D:1      | Quit the game

Action                   || total
-------------------------++-------
Melee: Dagger            ||    10
       Bite              ||     3
Armor: Robe              ||     1
Dodge: Dodged            ||     6
